AoeStats
← Lili La Souris

Arabian Desert

510272873Analyzed
1v1 RM · 3d ago on Sep 30, 2026· 64m 29s· 2 players
Game mode
Random Map
Map size
Tiny (2 player)
Population
200
Speed
Normal
Resources
Standard
Victory
Conquest
Starting age
Dark Age
Ending age
Imperial Age
RankedLock teamsTeams togetherTeam positionsShared explorationLock speedFull tech treeHidden civsTurbo modeCheats
Victory
Defeat
🇫🇷 Persians · France
868
+16
🇳🇱 Saracens · Netherlands
869
-30
Lili La Souris
0:40 Loom
12:30 Feudal Age
17:44 Castle Age
16:11 Horse Collar
19:33 Fletching
19:49 Scale Barding Armor
20:48 Husbandry
27:22 Bloodlines
28:53 Heavy Plow
28:45 Stone Mining
28:46 Gold Mining
29:02 Town Watch
29:15 Bodkin Arrow
32:04 Wheelbarrow
31:25 Double-Bit Axe
32:11 Town Patrol
33:51 Bow Saw
35:29 Gold Shaft Mining
35:41 Ballistics
37:36 Hand Cart
40:18 Imperial Age
38:32 Murder Holes
39:50 Masonry
40:28 Stone Shaft Mining
40:10 Forging
40:01 Scale Mail Armor
41:50 Devotion
42:49 Chain Barding Armor
44:16 Capped Ram
45:49 Siege Ram
47:17 Plate Barding Armor
46:04 Cavalier
47:58 Crop Rotation
48:34 Two-Man Saw
48:12 Iron Casting
47:53 Chain Mail Armor
48:25 Savar
48:47 Pikeman
49:58 Squires
49:44 Gambesons
49:44 Arson
52:19 Blast Furnace
52:30 Halberdier
ikbendom
11:55 Feudal Age
10:12 Loom
13:29 Wheelbarrow
14:35 Double-Bit Axe
16:34 Fletching
18:57 Padded Archer Armor
23:14 Castle Age
21:59 Scale Mail Armor
23:03 Forging
23:07 Horse Collar
25:18 Crossbowman
28:27 Pikeman
30:37 Hand Cart
36:01 Iron Casting
35:33 Scale Barding Armor
35:24 Bodkin Arrow
40:30 Imperial Age
39:48 Chain Barding Armor
39:44 Leather Archer Armor
42:02 Heavy Camel Rider
44:11 Arbalester
46:29 Plate Barding Armor
46:55 Blast Furnace
47:37 Bracer
48:49 Ballistics
49:26 Gold Mining
49:26 Stone Mining
50:45 Capped Ram
52:08 Gold Shaft Mining
56:26 Chemistry
Connection lost

Rejoining the realm…

Still unreachable

The connection could not be restored.

Session expired

The server has moved on; the page needs a fresh start.